Map: Vaani Research Station (Void)

Players

Chammy (Cham)

  • Race: Zerg Zerg
  • League: Grandmaster
  • Spawn Location: 6:00

PtitDrogo - Winner!

  • Race: Protoss Protoss
  • League: Master
  • Spawn Location: 12:00

Event: NationWars IV

VOD

Have the link to the VOD?

Description

Time

  • Played on: Jan. 5, 2017, 1:35 p.m.
  • Length: 19:41
Show
View Real Time Build Order
Export as new Build Order

Chammy Zerg 

Build Orders: Hatch First 

Get SALT Encoding   

  12  0:00  Drone  
  13  0:09  Drone  
  14  0:17  Overlord  
  14  0:35  Drone x2  
  14  0:36  Drone  
  17  0:53  Hatchery  
  17  0:55  Drone  
  17  1:00  Drone  
  18  1:07  Extractor  
  17  1:15  Spawning Pool  
  17  1:17  Drone  
  17  1:21  Drone  
  18  1:30  Drone  
  19  1:44  Drone  
  20  1:49  Hatchery  
  20  1:54  Drone  
  20  2:02  Queen  
  20  2:06  Drone  
  23  2:08  Drone  
  23  2:14  Overlord  
  24  2:23  Drone x2  
  26  2:30  Queen  
  26  2:36  Drone  
  29  2:39  Pneumatized Carapace  
  29  2:44  Drone x2  
  31  2:47  Overlord  
  31  2:51  Drone  
  31  2:56  Overlord  
  32  3:02  Queen  
  34  3:07  Drone x2  
  34  3:08  Drone  
  37  3:13  Drone  
  37  3:14  Drone  
  37  3:15  Drone  
  37  3:17  Drone  
  41  3:20  Drone  
  41  3:22  Drone  
  41  3:23  Drone  
  44  3:29  Metabolic Boost  
  44  3:31  Drone  
  44  3:34  Overlord  
  45  3:35  Drone  
  45  3:36  Drone  
  47  3:42  Drone x3  
  47  3:47  Spore Crawler x2  
  48  3:50  Spore Crawler, Drone  
  48  3:51  Drone  
  48  3:54  Overlord  
  48  4:03  Roach Warren  
  41  4:12  Drone x3  
  41  4:13  Drone x5  
  49  4:18  Zergling x4  
  49  4:20  Zergling x4  
  49  4:23  Zergling x2  
  54  4:24  Zergling x2  
  54  4:30  Drone x2  
  54  4:31  Zergling x4  
  59  4:32  Drone  
  59  4:36  Extractor, Lair  
  59  4:40  Drone x2  
  59  4:41  Drone x2  
  63  4:45  Overlord  
  63  4:48  Drone  
  63  4:49  Evolution Chamber  
  63  4:53  Drone  
  63  4:58  Drone x2  
  63  4:59  Drone  
  66  5:02  Overlord x2  
  66  5:05  Drone x4  
  70  5:12  Drone x2  
  70  5:13  Extractor  
  70  5:15  Extractor  
  70  5:16  Zerg Missile Weapons Level 1  
  70  5:17  Overlord  
  70  5:18  Drone x3  
  72  5:22  Overlord  
  68  5:37  Drone x3  
  68  5:38  Overlord, Drone  
  68  5:39  Glial Reconstitution  
  67  5:44  Drone x3  
  70  5:50  Overlord, Hatchery  
  70  5:54  Queen  
  71  5:57  Hatchery  
  71  5:59  Roach x2  
  71  6:00  Roach  
  71  6:03  Roach  
  74  6:13  Roach x2  
  74  6:14  Roach x2, Overlord  
  74  6:16  Roach x3  
  88  6:18  Roach  
  88  6:22  Roach x2  
  88  6:25  Roach  
  96  6:27  Overlord  
  96  6:29  Roach x2  
  96  6:31  Roach  
  102  6:34  Queen  
  102  6:36  Roach  
  102  6:39  Overlord  
  106  6:43  Roach x2  
  106  6:44  Roach  
  106  6:45  Roach  
  114  6:48  Roach  
  114  6:49  Roach  
  114  6:51  Overlord  
  114  6:53  Roach  
  120  7:00  Drone  
  122  7:01  Roach x3  
  122  7:02  Roach  
  122  7:04  Overlord  
  122  7:06  Roach  
  122  7:08  Roach  
  132  7:11  Roach x2  
  132  7:13  Roach  
  138  7:16  Overlord  
  138  7:17  Roach  
  138  7:18  Roach  
  138  7:20  Zergling x2  
  138  7:21  Zergling x2, Ravager  
  138  7:22  Ravager  
  146  7:23  Zergling x2  
  146  7:25  Zergling x2, Ravager  
  146  7:26  Zergling x2  
  146  7:27  Zergling x2  
  151  7:30  Overlord  
  151  7:33  Overlord  
  151  7:34  Zergling x6  
  154  7:39  Zergling x4  
  154  7:40  Zergling x4  
  154  7:42  Zergling x2  
  158  7:44  Zergling x2  
  158  7:45  Zergling x2  
  158  7:46  Ravager x3  
  158  7:47  Zergling x2  
  158  7:49  Zergling x2  
  158  7:50  Zergling x4  
  167  7:52  Zergling x2  
  167  7:54  Zergling x2  
  169  7:59  Ravager x2  
  169  8:00  Zergling x4  
  169  8:01  Zergling x4  
  169  8:02  Zergling x2  
  175  8:08  Zergling x6  
  175  8:09  Zergling x2, Roach x3  
  180  8:16  Roach x2  
  180  8:17  Roach x2  
  180  8:19  Roach  
  166  8:24  Roach x3  
  166  8:25  Zergling x2  
  150  8:29  Zergling x2, Roach x2  
  150  8:31  Roach  
  150  8:34  Roach  
  128  8:42  Zergling x2, Roach x2  
  128  8:43  Roach x2  
  128  8:44  Zergling x2, Roach  
  124  8:52  Zergling x10  
  123  9:00  Roach x2  
  123  9:01  Roach x4  
  135  9:03  Roach  
  135  9:04  Roach  
  135  9:08  Roach x2  
  143  9:11  Roach  
  143  9:13  Roach  
  143  9:14  Roach  
  149  9:19  Roach x2  
  149  9:20  Zergling x4  
  149  9:22  Zergling x2  
  149  9:23  Zergling x2  
  157  9:24  Zergling x2  
  157  9:29  Zergling x4  
  157  9:30  Overlord  
  160  9:32  Ravager x2  
  160  9:34  Zergling x6  
  160  9:35  Zergling x2  
  160  9:37  Zergling x4  
  168  9:40  Ravager  
  168  9:41  Zergling x4  
  168  9:43  Zergling x4  
  172  9:51  Zergling x2, Roach x2  
  175  9:57  Roach x4  
  180  10:02  Roach x4  
  180  10:05  Zergling x2, Roach  
  177  10:17  Roach  
  177  10:18  Zergling x8, Roach x4  
  164  10:22  Zergling x8  
  136  10:29  Zergling x2  
  136  10:30  Roach x3  
  136  10:38  Zergling x4  
  123  10:48  Roach x2  
  123  10:49  Roach  
  126  10:56  Zergling x6, Roach x3  
  126  10:57  Queen x3  
  128  10:59  Ravager  
  128  11:00  Ravager  
  128  11:01  Ravager  
  128  11:02  Roach x2  
  141  11:05  Spore Crawler  
  141  11:06  Zergling x2  
  141  11:07  Zergling x4  
  143  11:14  Roach  
  139  11:21  Roach x4  
  139  11:22  Ravager  
  139  11:23  Zergling x6  
  139  11:25  Roach  
  153  11:31  Roach x2  
  156  11:35  Roach  
  156  11:36  Roach  
  156  11:39  Roach x3  
  163  11:45  Roach x2  
  163  11:46  Roach  
  169  11:50  Zergling x4  
  166  12:02  Roach  
  166  12:03  Roach x3  
  166  12:07  Roach x4  
  166  12:08  Roach  
  180  12:20  Zergling x2, Roach x2  
  180  12:21  Zergling x2, Ravager  
  180  12:22  Zergling x4  
  184  12:25  Ravager  
  184  12:27  Queen  
  184  12:28  Zergling x6  
  190  12:32  Zergling x2  
  190  12:34  Zergling x2  
  190  12:36  Zergling x2  
  192  12:43  Roach x3  
  178  12:45  Roach x3  
  178  12:47  Roach x2  
  178  12:48  Roach x2  
  194  12:51  Roach  
  194  12:52  Zergling x6  
  196  13:20  Zergling x2  
  196  13:21  Overlord  
  197  13:28  Overlord  
  193  13:45  Ravager x3  
  193  13:46  Ravager x2  
  195  13:58  Roach x3  
  195  13:59  Roach, Hatchery  
  195  14:01  Roach x2  
  198  14:03  Zergling x2  
  198  14:09  Zergling x2, Hatchery  
  199  14:21  Zergling x2  
  193  14:34  Tunneling Claws, Burrow  
  193  14:41  Ravager x2  
  193  14:42  Ravager x2  
  193  14:44  Zergling x2, Roach  
  199  14:54  Zergling x2  
  199  14:55  Zergling x2  
  180  15:09  Roach x3  
  184  15:20  Roach x6  
  167  15:23  Roach x7  
  167  15:24  Zergling x2  
  167  15:25  Zergling x48  
  190  15:29  Extractor  
  190  15:33  Roach x2  
  188  15:36  Spine Crawler  
  188  15:37  Ravager  
  188  15:38  Zergling x8, Spine Crawler  
  188  15:39  Zergling x2, Spine Crawler  
  191  15:43  Roach x2  
  191  15:46  Queen  
  191  15:47  Queen  
  199  15:51  Zergling x2  
  191  16:07  Zergling x2  
  191  16:08  Zergling x14  
  191  16:09  Roach x2  
  196  16:18  Roach x6  
  199  16:20  Ravager  
  185  16:42  Roach x8  
  185  16:43  Roach x15  
  185  16:45  Roach x11  
  194  16:53  Roach  
  176  16:58  Roach x5  
  176  17:00  Roach x10  
  176  17:01  Roach x3  
  190  17:04  Roach x5  
  190  17:05  Roach  
  181  17:11  Roach x3  
  181  17:14  Zergling x6  
  188  17:19  Roach x2  
  188  17:21  Roach  
  194  17:26  Roach  
  194  17:29  Zergling x2, Roach x3  
  195  17:34  Roach  
  195  17:36  Roach  
  190  17:37  Roach x33  
  190  17:40  Roach  
  178  17:48  Roach x3  
  163  17:52  Roach  
  157  18:00  Roach  
  157  18:03  Roach  
  141  18:06  Roach x29  
  141  18:08  Roach  
  141  18:12  Roach x29  
  133  18:22  Roach  
  131  18:30  Roach x10  
  130  18:53  Zergling x2, Roach x8  
  125  19:15  Roach x2  
Show
View Real Time Build Order
Export as new Build Order

PtitDrogo Protoss - Winner!

Build Orders: 1 Gate Expand, Oracle Opening, Zealot Archon 

Get SALT Encoding   

  12  0:00  Probe (Chrono Boost)  
  13  0:11  Probe (Chrono Boost)  
  14  0:18  Pylon  
  14  0:23  Probe (Chrono Boost)  
  15  0:36  Probe (Chrono Boost)  
  15  0:39  Gateway  
  16  0:43  Assimilator  
  16  0:47  Probe (Chrono Boost)  
  17  0:58  Probe (Chrono Boost)  
  18  1:08  Probe (Chrono Boost)  
  19  1:21  Nexus  
  19  1:24  Probe (Chrono Boost)  
  20  1:34  Cybernetics Core  
  20  1:38  Probe (Chrono Boost)  
  21  1:42  Assimilator  
  21  1:49  Probe (Chrono Boost)  
  21  1:53  Pylon  
  22  2:00  Probe (Chrono Boost)  
  23  2:07  Stalker  
  23  2:12  Probe (Chrono Boost)  
  26  2:21  Stargate  
  26  2:25  Probe (Chrono Boost)  
  26  2:29  Warp Gate  
  27  2:33  Probe (Chrono Boost)  
  27  2:35  Probe (Chrono Boost)  
  29  2:44  Adept, Probe (Chrono Boost)  
  30  2:46  Probe (Chrono Boost)  
  33  2:54  Probe (Chrono Boost)  
  33  2:56  Probe (Chrono Boost)  
  35  3:00  Oracle  
  35  3:05  Probe (Chrono Boost)  
  39  3:08  Probe (Chrono Boost)  
  39  3:10  Pylon  
  40  3:15  Probe (Chrono Boost)  
  43  3:23  Mothership Core (Chrono Boost)  
  43  3:25  Gateway  
  43  3:26  Probe (Chrono Boost)  
  44  3:29  Gateway  
  44  3:36  Probe (Chrono Boost)  
  46  3:42  Probe (Chrono Boost)  
  46  3:44  Oracle  
  46  3:47  Probe (Chrono Boost)  
  47  3:54  Probe (Chrono Boost)  
  51  3:57  Probe (Chrono Boost), Pylon  
  52  4:06  Probe (Chrono Boost)  
  52  4:08  Probe (Chrono Boost)  
  54  4:12  Nexus  
  54  4:14  Pylon  
  54  4:19  Probe (Chrono Boost)  
  54  4:20  Assimilator  
  54  4:22  Assimilator  
  54  4:23  Probe (Chrono Boost)  
  54  4:24  Pylon  
  56  4:26  Void Ray  
  56  4:31  Probe (Chrono Boost)  
  57  4:33  Probe (Chrono Boost)  
  62  4:40  Robotics Facility  
  62  4:43  Probe (Chrono Boost)  
  62  4:44  Probe (Chrono Boost)  
  64  4:55  Probe (Chrono Boost)  
  64  4:58  Probe (Chrono Boost)  
  66  5:04  Zealot, Sentry x2  
  73  5:07  Probe (Chrono Boost)  
  73  5:09  Probe (Chrono Boost)  
  73  5:10  Pylon x2  
  74  5:19  Probe x2 (Chrono Boost)  
  76  5:23  Twilight Council, Forge  
  76  5:30  Probe (Chrono Boost), Zealot x3  
  76  5:31  Probe (Chrono Boost)  
  82  5:39  Probe (Chrono Boost)  
  82  5:40  Probe (Chrono Boost)  
  85  5:43  Probe (Chrono Boost), Observer  
  87  5:51  Probe x2 (Chrono Boost)  
  87  5:53  Assimilator  
  87  5:55  Probe (Chrono Boost), Assimilator  
  89  5:58  Protoss Ground Weapons Level 1  
  89  5:59  Charge  
  89  6:02  Immortal, Probe (Chrono Boost)  
  89  6:03  Probe (Chrono Boost)  
  91  6:08  Probe (Chrono Boost)  
  91  6:11  Zealot x3  
  102  6:14  Probe (Chrono Boost)  
  103  6:19  Photon Cannon, Pylon  
  103  6:29  Templar Archives  
  103  6:32  Gateway  
  103  6:33  Gateway  
  103  6:35  Gateway  
  103  6:36  Gateway  
  103  6:40  Sentry x2  
  103  6:41  Immortal  
  111  6:50  Pylon  
  111  6:51  Pylon  
  111  6:53  Probe x3 (Chrono Boost)  
  114  6:55  Zealot  
  116  7:04  Gateway  
  116  7:05  Gateway  
  116  7:06  Gateway  
  116  7:13  Pylon  
  116  7:14  Pylon  
  116  7:16  Pylon  
  116  7:17  High Templar x2  
  116  7:18  Zealot  
  116  7:19  Pylon  
  116  7:22  Pylon  
  122  7:27  Immortal, Archon  
  122  7:35  Pylon  
  122  7:36  Pylon  
  126  7:45  Zealot x2  
  126  7:46  Photon Cannon, Zealot  
  132  7:55  Pylon  
  132  8:00  High Templar  
  132  8:01  Immortal, High Templar x3  
  132  8:04  Archon  
  132  8:05  Archon  
  140  8:07  Zealot x3  
  131  8:20  Zealot x3  
  117  8:27  Zealot x3  
  101  8:44  Zealot x5  
  101  8:45  Zealot x2  
  105  8:51  Protoss Ground Weapons Level 2  
  105  8:53  Immortal  
  101  9:02  High Templar x2  
  109  9:04  Sentry  
  109  9:05  High Templar x2  
  109  9:06  High Templar x2  
  109  9:07  Nexus, Zealot x3  
  109  9:09  Pylon  
  125  9:10  Archon x3  
  125  9:16  Pylon  
  125  9:27  Immortal  
  125  9:32  Zealot x2, High Templar x2  
  137  9:41  Photon Cannon  
  137  9:42  Photon Cannon  
  137  9:44  Archon  
  137  9:47  Zealot x4  
  141  9:55  Zealot  
  141  9:56  Zealot  
  139  10:01  Immortal, Zealot x2  
  139  10:04  High Templar x2  
  151  10:09  Archon  
  151  10:13  Zealot x4  
  118  10:23  Zealot x4  
  90  10:38  Zealot x4  
  84  10:44  Zealot x5  
  84  10:46  Immortal  
  80  10:58  High Templar  
  80  10:59  High Templar x3  
  80  11:01  Zealot  
  80  11:03  Archon  
  80  11:04  Archon  
  86  11:07  High Templar x2  
  86  11:08  Zealot x3  
  96  11:12  Archon  
  94  11:20  Immortal  
  94  11:24  Zealot  
  96  11:30  Zealot  
  96  11:31  Zealot, High Templar x2  
  96  11:32  Zealot x2  
  110  11:35  Archon  
  108  11:41  Zealot x3  
  108  11:48  Zealot  
  110  11:56  High Templar  
  110  11:57  Zealot x2, High Templar  
  110  12:00  Archon  
  114  12:03  High Templar x2  
  114  12:04  Immortal, Zealot x3  
  114  12:07  Archon  
  118  12:24  High Templar  
  118  12:25  High Templar  
  118  12:29  Archon  
  122  12:37  Zealot x3  
  122  12:41  Nexus  
  122  12:49  Pylon  
  122  12:50  Immortal  
  122  12:52  High Templar  
  122  12:53  Zealot, High Templar  
  122  12:54  Zealot x2  
  136  12:59  Archon  
  136  13:05  Zealot, High Templar x2  
  140  13:06  Zealot x2  
  140  13:09  Archon  
  146  13:19  Zealot x3  
  148  13:28  Zealot, High Templar x2  
  148  13:32  Archon  
  150  13:46  Photon Cannon  
  150  13:51  High Templar x2  
  150  13:52  Zealot x4  
  160  14:01  Zealot, High Templar  
  162  14:06  Archon  
  160  14:10  Mothership Core (Chrono Boost)  
  160  14:21  Zealot x4  
  160  14:22  Zealot  
  169  14:24  Zealot  
  169  14:25  Zealot  
  169  14:27  Immortal  
  157  14:39  High Templar  
  157  14:44  High Templar  
  157  14:45  Zealot x4  
  169  14:48  Archon  
  149  15:09  Zealot  
  149  15:10  Immortal, Zealot x5  
  137  15:26  Assimilator  
  131  15:28  Assimilator  
  131  15:33  High Templar  
  131  15:34  Zealot x6, High Templar  
  145  15:42  Archon  
  145  15:44  Robotics Bay  
  145  15:57  Zealot  
  145  15:58  Zealot  
  145  16:00  Nexus  
  145  16:02  Zealot, Pylon  
  145  16:16  High Templar x4  
  149  16:20  Archon x2  
  149  16:34  Zealot x4  
  135  16:49  Observer  
  135  16:53  Zealot x4  
  144  16:57  Zealot x2  
  144  16:58  Zealot x2  
  152  17:10  Observer  
  149  17:21  Zealot x4  
  148  17:37  High Templar x4  
  154  17:49  Archon x2  
  142  17:58  Zealot x4  
  143  18:17  High Templar  
  143  18:18  Zealot x5, High Templar  
  157  18:40  Photon Cannon  
  157  18:47  Assimilator  
  157  18:49  Assimilator  
  157  18:51  Archon  
  157  18:56  Immortal  
  155  19:06  Zealot x3  
  155  19:07  Zealot x2  
Tags
 
Add a new tag
Caveats
  • Supply blocks, unpowered buildings, or Contaminate may cause inaccurate times.
  • Supply counts are checked every 10 seconds.